 Dungeon Crawl Stone Soup version 0.31-a0-263-ge8cad7f256 (webtiles) character file.

Game seed: 7411128441346669462

60 qw the Shooter (level 4, -9/26 HPs)
             Began as a Gargoyle Hexslinger on July 13, 2023.
             Killed by divine providence
             ... invoked by an orc priest
              (12 damage)
             ... on level 2 of the Dungeon.
             The game lasted 00:00:27 (948 turns).

qw the Shooter (Gargoyle Hexslinger)                 Turns: 948, Time: 00:00:28

Health: -9/26      AC:  6    Str: 11    XL:     4   Next: 4%
Magic:  5/5        EV: 12    Int: 14    God:
Gold:   67         SH:  0    Dex: 14    Spells: 4/5 levels left

rFire   . . .        Y - +1 sling
rCold   . . .        (no shield)
rNeg    + . .        c - +0 robe
rPois   inf          (no helmet)
rElec   +            (no cloak)
rCorr   .            (no gloves)
SInv    .            h - +0 pair of boots
Will    .....        (no amulet)
Stlth   +            (no ring)
HPRegen 0.24/turn    (no ring)
MPRegen 0.09/turn

%: no passive effects
@: no status effects
A: sickness immunity, AC +3, negative energy resistance 1, electricity
resistance, torment resistance 1, petrification resistance
a: no special abilities


You were on level 2 of the Dungeon.
You visited 1 branch of the dungeon, and saw 2 of its levels.

You collected 67 gold pieces.


Innate Abilities, Weirdness & Mutations

You are immune to sickness and miasma.
Your stone body is resilient. (AC +3)
You are immune to poison.
You resist negative energy. (rN+)
You are resistant to electric shocks. (rElec)
You are resistant to unholy torment.
You are immune to petrification.


   Skills:
 - Level 2.0 Fighting
 + Level 3.9 Ranged Weapons
 - Level 1.5 Dodging
 - Level 1.0 Spellcasting
 - Level 2.6 Hexes


You had 4 spell levels left.
You knew the following spells:

 Your Spells              Type           Power      Damage    Failure   Level
a - Slow                  Hex            32%        N/A       9%          1

Your spell library contained the following spells:

 Spells                   Type           Power      Damage    Failure   Level
 Inner Flame              Hex/Fire       4%         N/A       41%         3
 Portal Projectile        Hex/Tloc       8%         N/A       41%         3
 Cause Fear               Hex            4%         N/A       65%         4

Inventory:

Hand Weapons
 Y - a +1 sling (weapon)
Armour
 b - a +0 ring mail
 c - a +0 robe (worn)
 h - a +0 pair of boots (worn)
Scrolls
 a - a scroll of immolation {unknown}
 e - a scroll of revelation {unknown}
 k - 3 scrolls of identify
Potions
 d - a potion of degeneration {unknown}
 f - a potion of cancellation {unknown}
 g - a potion of haste {unknown}
 i - a potion of magic {unknown}
 j - a potion of attraction {unknown}

Dungeon Overview and Level Annotations

Branches:
Dungeon (2/15)

Altars:
Makhleb


Message History

The sling bullet closely misses the orc.
The sling bullet hits the orc.
You kill the orc!
The orc misses you.
You have reached level 4!
You feel clever.
You shoot a sling bullet. The sling bullet hits the orc.
You kill the orc!
You shoot a sling bullet. The sling bullet hits the orc priest.
The orc priest is moderately wounded.
The orc priest closely misses you. x2
You shoot a sling bullet.
The sling bullet hits the orc priest but does no damage.
The orc priest is moderately wounded.
The orc priest hits you with a +0 club.
You shoot a sling bullet.
The sling bullet hits the orc priest but does no damage.
The orc priest is moderately wounded.
The orc priest hits you with a +0 club.
You shoot a sling bullet. The sling bullet hits the orc priest.
The orc priest is severely wounded.
The orc priest hits you but does no damage.
You shoot a sling bullet.
The sling bullet hits the orc priest but does no damage.
The orc priest is severely wounded.
The orc priest barely misses you.
You shoot a sling bullet. The sling bullet hits the orc priest.
The orc priest is severely wounded.
The orc priest casts a cantrip, but nothing happens.
The orc priest hits you but does no damage.
You shoot a sling bullet.
The sling bullet closely misses the orc priest.
The orc priest hits you with a +0 club.
You shoot a sling bullet.
The sling bullet barely misses the orc priest.
The orc priest hits you but does no damage.
You shoot a sling bullet.
The sling bullet barely misses the orc priest.
The orc priest mumbles some strange prayers to Beogh against you.
Beogh smites you!
You die...

#....# #....#
#....# #....
+... #)) .# #o#
#.# #@#### #.#
#....######.#
####.....##.#
#......#.#
#........#
#........######
#.......)......
#......#.#....%
#......#.#.....


You could see an orc priest.

Vanquished Creatures
  A gnoll (D:1)
  3 dart slugs
  2 orcs (D:2)
  3 ball pythons (D:1)
  6 bats
  2 endoplasms (D:1)
  4 giant cockroaches
  3 hobgoblins (D:1)
  2 jackals (D:1)
  2 kobolds
  2 quokkas (D:1)
  4 goblins (D:2)
  3 rats
37 creatures vanquished.

Notes
Turn   | Place    | Note
-------+----------+-------------------------------------------
     0 | D:1      | qw the Gargoyle Hexslinger began the quest for the Orb.
     0 | D:1      | Reached XP level 1. HP: 12/12 MP: 2/2
     0 | D:1      | 0 ||| qw: Version: 0.3-a-52-g30416fa
     0 | D:1      | 0 ||| qw: Game counter: 7520
     0 | D:1      | 0 ||| qw: Melee chars always use a shield: true
     0 | D:1      | 0 ||| qw: God list: Okawaru
     0 | D:1      | 0 ||| qw: Allow faded altars: false
     0 | D:1      | 0 ||| qw: Do Orc after clearing Dungeon:15 true
     0 | D:1      | 0 ||| qw: Do second Lair branch before Depths: true
     0 | D:1      | 0 ||| qw: Lair rune preference: random
     0 | D:1      | 0 ||| qw: Goals: Normal
     0 | D:1      | 0 ||| PLANNING D:1-11
    96 | D:1      | Reached XP level 2. HP: 16/16 MP: 3/3
   129 | D:1      | Reached skill level 3 in Ranged Weapons
   233 | D:1      | Reached XP level 3. HP: 21/21 MP: 4/4
   602 | D:1      | Found a faded altar of an unknown god.
   643 | D:1      | 643 ||| DROPPING scarf of shadows.
   644 | D:1      | 644 ||| UPGRADING to +0 pair of boots.
   649 | D:1      | 649 ||| DROPPING ring of flight.
   650 | D:1      | 650 ||| READING scroll labelled DEUKOLOCSY.
   651 | D:1      | 651 ||| READING 2 scrolls labelled SAXKOL WOCISK.
   652 | D:1      | 652 ||| DROPPING scroll of poison.
   674 | D:2      | Found a burning altar of Makhleb.
   935 | D:2      | HP: 4/21 [orc priest/divine providence (17)]
   939 | D:2      | Reached XP level 4. HP: 5/26 MP: 5/5
   941 | D:2      | HP: 4/26 [orc priest/+0 club (2)]
   946 | D:2      | HP: 3/26 [orc priest/+0 club (2)]
   948 | D:2      | Killed from afar by an orc priest

Levels and vault maps discovered:
D:1:      dpeg_arrival_round_c, layout_basic,
          shapermc_ecumenical_altar_mp_urbaneastern, minmay_misc_feat_roman,
          hangedman_decor_push, minivault_4
D:2:      layout_basic, basic_altar

Skill      XL: |  1  2 |
---------------+-------+-----
Ranged Weapons | 3 |  3.9
Fighting       | 2 |  2.0
Dodging        | |  1.5
Spellcasting   | |  1.0
Hexes          | |  2.6

Action                     |  1- 3 |  4- 6 || total
---------------------------+-------+-------++-------
   Fire: Sling             |   106 |    10 ||   116
    Use: Scroll            |     2 |       ||     2
 Armour: Robe              |    14 |     3 ||    17
  Dodge: Dodged            |    27 |     3 ||    30

Table legend:
 A = Non-vault XP
 B = Vault XP
 C = Vault XP percentage of total XP
 D = Non-vault monster count
 E = Vault monster count
 F = Vault count percentage of total count
                 A         B        C        D         E       F
            +---------+---------+-------+---------+---------+-------
      Total |      86 |       0 |   0.0 |      37 |       0 |   0.0
            +---------+---------+-------+---------+---------+-------
        D:1 |      63 |       0 |   0.0 |      26 |       0 |   0.0
        D:2 |      23 |       0 |   0.0 |      11 |       0 |   0.0
            +---------+---------+-------+---------+---------+-------
